 Dungeon Crawl Stone Soup version 0.28-a0-1142-gc8569940dd (webtiles) character file.

Game seed: 1112936368255387592

4803 Conn the Thaumaturge (level 10, -3/99 HPs)
             Began as an Octopode Fire Elementalist on Dec 13, 2021.
             Was an Initiate of Sif Muna.
             Slain by a two-headed ogre (9 damage)
             ... on level 9 of the Dungeon.
             The game lasted 00:30:33 (11820 turns).

Conn the Thaumaturge (Octopode Fire Elementalist)  Turns: 11820, Time: 00:30:34

Health: -3/99      AC: 25    Str:  8    XL:     10   Next: 48%
Magic:  15/22      EV:  2    Int: 21    God:    Sif Muna [......]
Gold:   422        SH:  5    Dex: 13    Spells: 5/25 levels left

rFire   + . .      SeeInvis .   x - +4 short sword (freeze)
rCold   + . .      Faith    .   (no shield)
rNeg    . . .      Spirit   .   (helmet currently unavailable)
rPois   +          Reflect  +   r - amulet of reflection
rElec   +          Harm     .   (no ring)
rCorr   +          Rampage  .   (no ring)
Will    .....      NoTele   +   (no ring)
Stlth   +++.......              (no ring)
HPRegen 0.26/turn               (no ring)
MPRegen 0.18/turn               (no ring)
                                (no ring)
                                (no ring)

@: tree-form, resistant
A: stationary, stasis, torment immunity, boosted hp, almost no armour,
(amphibious), 8 rings, (camouflage 1), (gelatinous body 1), (nimble swimmer 1),
(tentacles), robust 1, (shaggy fur 1), MP-powered wands
a: Renounce Religion


You were on level 9 of the Dungeon.
You worshipped Sif Muna.
Sif Muna was noncommittal.
You were a tree.
You visited 2 branches of the dungeon, and saw 10 of its levels.

You collected 422 gold pieces.

Inventory:

Hand Weapons
 a - a +0 dagger
 b - a +1 dagger of venom
 e - a +0 vampiric dagger
 x - a +4 short sword of freezing (weapon)
Missiles
 q - 2 throwing nets
Jewellery
 r - an amulet of reflection (around neck)
Wands
 t - a wand of flame (19)
Scrolls
 c - a scroll of torment {unknown}
 d - 3 scrolls of noise {unknown}
 f - a scroll of acquirement {unknown}
 g - 3 scrolls of identify {unknown}
 h - 4 scrolls of fear {unknown}
 i - a scroll of magic mapping {unknown}
 m - a scroll of vulnerability {unknown}
 n - a scroll of amnesia {unknown}
 p - 2 scrolls of teleportation
 s - a scroll of immolation {unknown}
Potions
 j - a potion of invisibility {unknown}
 l - a potion of curing
 o - a potion of heal wounds {unknown}
 u - a potion of degeneration {unknown}
 v - 3 potions of lignification
 w - a potion of resistance


   Skills:
 + Level 2.3 Fighting
 + Level 1.8 Short Blades
 + Level 3.5 Dodging
 + Level 5.0 Stealth
 + Level 1.3 Shields
 + Level 8.1 Spellcasting
 + Level 6.7 Conjurations
 + Level 3.5 Hexes
 + Level 8.1 Fire Magic
 * Level 1.9 Invocations
 + Level 0.3 Evocations


You had 5 spell levels left.
You knew the following spells:

 Your Spells              Type           Power      Damage    Failure   Level
a - Foxfire               Conj/Fire      100%       2x1d9     1%          1
b - Conjure Flame         Conj/Fire      39%        6-21      1%          3
c - Inner Flame           Hex/Fire       33%        N/A       1%          3
d - Flame Wave            Conj/Fire      39%        2d7       3%          4
e - Scorch                Fire           84%        2d9       1%          2
f - Stone Arrow           Conj/Erth      44%        3d9       6%          3
g - Hailstorm             Conj/Ice       22%        3d7       19%         4

Your spell library contained the following spells:

 Spells                   Type           Power      Damage    Failure   Level
 Animate Skeleton         Necr           16%        N/A       8%          1
 Apportation              Tloc           16%        N/A       8%          1
 Sandblast                Erth           16%        2d6       8%          1
 Summon Small Mammal      Summ           32%        N/A       8%          1
 Ignite Poison            Fire/Tmut/Pois 20%        N/A       8%          3
 Mephitic Cloud           Conj/Pois/Air  18%        N/A       10%         3
 Passwall                 Tmut/Erth      6%         N/A       12%         2
 Portal Projectile        Hex/Tloc       32%        N/A       12%         3
 Gell's Gravitas          Tloc           8%         N/A       24%         3
 Teleport Other           Tloc           8%         N/A       24%         3
 Ice Form                 Ice/Tmut       8%         N/A       61%         4
 Freezing Cloud           Conj/Ice/Air   9%         6-21      65%         5
 Blade Hands              Tmut           4%         N/A       91%         5
 Excruciating Wounds      Necr           4%         N/A       91%         5
 Dispersal                Tloc           4%         N/A       100%        6
 Simulacrum               Ice/Necr       4%         N/A       100%        6


Dungeon Overview and Level Annotations

Branches:
Dungeon (9/15)             Temple (1/1) D:7
   Lair: D:8-11         Orc: D:9-12

Altars:
Ashenzari
Cheibriados
Dithmenos
Elyvilon
Fedhas
Hepliaklqana
Kikubaaqudgha
Makhleb
Nemelex Xobeh
Okawaru
Qazlal
Ru
Sif Muna
Trog
Uskayaw
Vehumet
Wu Jian
Xom
Yredelemnul
Zin
The Shining One
Beogh

Annotations:
D:9 Maurice


Innate Abilities, Weirdness & Mutations

You are a tree.
Your roots penetrate the ground, keeping you stationary.
You cannot be teleported.
You are immune to unholy pain and torment.
Your maximum health is greatly increased.
You cannot wear most types of armour.
((You are amphibious.))
You can wear up to eight rings at the same time.
((Your skin changes colour to match your surroundings (Stealth+).))
((Your rubbery body absorbs attacks. (AC +1, EV +1)))
((You are camouflaged near water. (Stealth+)))
((You have tentacles for arms and can constrict up to eight enemies at once.))
You are robust. (+10% HP)
((You are covered in fur. (AC +1)))
You expend magic power (3 MP) to strengthen your wands.


Message History

The fire begins to smoulder!
Maurice shouts!
The killer bee buzzes angrily.
The two-headed ogre shouts in stereo!
You hear an angry buzzing noise. x3
Maurice zaps a wand.
The bolt of acid hits you!
The killer bee smothers the flame.
Okay, then.
It was a potion of lignification.
You turn into a tree.
Your roots penetrate the ground.
The killer bee stings you but does no damage.
The killer bee barely misses you.
Casting: Conjure Flame (safe; 1% risk of failure)
Confirm with . or Enter, or press ? or * to list all spells.
Okay, then.
Okay, then.
Okay, then.
Unknown command.
Unknown command.
Unknown command.
Casting: Conjure Flame (safe; 1% risk of failure)
Confirm with . or Enter, or press ? or * to list all spells.
Casting: Flame Wave (dangerous; 3% risk of failure)
Press: ? - help, Dir - look around, f - activate A wave of flame ripples out!
The flame wave engulfs the killer bee!
The killer bee is heavily wounded. (Press . to intensify the flame waves.)
You hear an angry buzzing noise. x2; You hear a shout!
The killer bee stings you but does no damage. x2
A wave of flame ripples out!
The flame wave engulfs the killer bee!
You kill the killer bee!
Sif Muna accepts your kill.
You hear a shout! x2
Maurice says, "Nice gear.
Can I borrow some?"
Maurice zaps a wand.
The bolt of acid hits you!!
* * * LOW HITPOINT WARNING * * *
Okay, then.
Unknown command.
It was a potion of resistance.
You feel protected.
The two-headed ogre hits you with a +0 giant club!
You die...

##############
#(yO♣.@......#
#y##########.######
O.. #........./.
..... #.##.#######
#.#.##. #. #.# ##.
...# #. .. ... ...
#.# #. ... #.#. #..
#. #. .... #.#..
#.. ##... #.# .#
#..


You could see Maurice, a two-headed ogre and 2 killer bees.

Vanquished Creatures
  The ghost of BinkBink the Carver, a journeyman FoFi of Ru (D:8)
  Pikel (D:5)
  A hornet (D:8)
  A wraith (D:6)
  A water moccasin (D:7)
  An ice beast (D:6)
  An orc warrior (D:7)
  A sky beast (D:5)
  A necrophage (D:8)
  4 ogres
  3 black bears
  A centaur (D:8)
  A lemure (D:5)
  A phantom (D:4)
  3 kobold brigands
  3 bullfrogs
  A scorpion (D:7)
  A wyvern skeleton (D:5)
  A water moccasin skeleton (D:5)
  A killer bee (D:9)
  16 wights (D:7)
  A howler monkey (D:5)
  2 centaur zombies
  A bullfrog zombie (D:4)
  A centaur skeleton (D:6)
  2 gnoll shamans (D:7)
  Crazy Yiuf (D:7)
  2 orc priests (D:7)
  Ijyb (D:5)
  3 iguanas
  A bullfrog skeleton (D:4)
  3 orc wizards
  A howler monkey zombie (D:6)
  10 adders
  20 gnolls
  2 howler monkey skeletons
  2 shadow imps
  A worm (D:5)
  4 dart slugs
  19 orcs
  7 ball pythons
  4 endoplasms
  7 giant cockroaches
  8 hobgoblins
  7 jackals
  4 quokkas
  3 bats (D:1)
  2 frilled lizards
  4 goblins
  17 kobolds
  24 rats
209 creatures vanquished.

Vanquished Creatures (others)
  758 foxfires
758 creatures vanquished.

Grand Total: 967 creatures vanquished

Notes
Turn   | Place    | Note
-------+----------+-------------------------------------------
     0 | D:1      | Conn the Octopode Fire Elementalist began the quest for the
                  | Orb.
     0 | D:1      | Reached XP level 1. HP: 11/11 MP: 3/3
   126 | D:1      | Reached XP level 2. HP: 17/17 MP: 0/5
   274 | D:1      | Found a faded altar of an unknown god.
   616 | D:1      | Reached XP level 3. HP: 21/21 MP: 3/6
  1226 | D:2      | Reached XP level 4. HP: 27/27 MP: 3/7
  1429 | D:2      | Noticed an ogre
  1826 | D:2      | Killed an ogre
  1827 | D:2      | Reached XP level 5. HP: 21/31 MP: 1/9
  2597 | D:3      | Reached XP level 6. HP: 28/37 MP: 5/11
  3050 | D:3      | Gained mutation: You are covered in fur. (AC +1) [potion of
                  | mutation]
  3050 | D:3      | Gained mutation: You expend magic power (3 MP) to
                  | strengthen your wands. [potion of mutation]
  3050 | D:3      | Gained mutation: You are robust. (+10% HP) [potion of
                  | mutation]
  3633 | D:4      | Reached XP level 7. HP: 24/46 MP: 0/13
  3705 | D:4      | Reached skill level 1 in Fighting
  3705 | D:4      | Reached skill level 5 in Fire Magic
  4566 | D:5      | Entered Level 5 of the Dungeon
  4862 | D:5      | Noticed Pikel
  4890 | D:6      | Learned a level 3 spell: Conjure Flame
  4894 | D:6      | Learned a level 3 spell: Inner Flame
  4899 | D:6      | Learned a level 4 spell: Flame Wave
  4902 | D:6      | Learned a level 2 spell: Scorch
  4928 | D:6      | Reached XP level 8. HP: 51/52 MP: 7/14
  5005 | D:6      | Noticed a wraith
  5066 | D:5      | Killed Pikel
  5067 | D:5      | Reached skill level 5 in Spellcasting
  5400 | D:5      | Reached skill level 5 in Conjurations
  5712 | D:5      | Noticed Ijyb
  5720 | D:5      | Killed Ijyb
  6043 | D:5      | Reached XP level 9. HP: 56/58 MP: 16/18
  6737 | D:6      | Reached skill level 1 in Short Blades
  7222 | D:7      | Reached skill level 1 in Hexes
  7356 | D:7      | Found a staircase to the Ecumenical Temple.
  7465 | Temple   | Entered the Ecumenical Temple
  7580 | Temple   | Became a worshipper of Sif Muna the Loreminder
  9013 | D:7      | Found a runed translucent door.
  9014 | D:7      | Noticed Crazy Yiuf
  9082 | D:7      | Killed Crazy Yiuf
  9083 | D:7      | Reached XP level 10. HP: 21/66 MP: 18/21
  9331 | D:7      | Reached skill level 1 in Shields
  9730 | D:7      | Reached * piety under Sif Muna
 10307 | D:8      | Found a runed translucent gate.
 10308 | D:8      | Found a runed translucent gate.
 10309 | D:8      | Found a runed translucent gate.
 10322 | D:8      | Noticed BinkBink's ghost (journeyman FoFi)
 10367 | D:8      | Learned a level 3 spell: Stone Arrow
 10864 | D:8      | Killed BinkBink's ghost
 10865 | D:8      | Reached skill level 5 in Stealth
 10865 | D:8      | Reached skill level 1 in Invocations
 10973 | D:7      | HP: 3/66 [orc warrior (17)]
 11277 | D:6      | Learned a level 4 spell: Hailstorm
 11778 | D:9      | Noticed Maurice
 11812 | D:9      | Noticed a two-headed ogre
 11820 | D:9      | Slain by a two-headed ogre

Illustrated notes

Levels and vault maps discovered:
D:1:      dpeg_arrival_rooms_a, layout_basic, chequers_ecumenical_altar_island
D:2:      layout_basic, minmay_splitting_lines
D:3:      layout_basic, minmay_rat_hole
D:4:      layout_cave_pools, nicolae_figureground_pulse
D:5:      layout_cave_pods, saegor_snake_ambush, uniq_pikel, uniq_ijyb
D:6:      layout_basic, nicolae_ossuary_entry_plus, minmay_unpleasant_kobolds
D:7:      layout_basic, minmay_temple_entry_statues_pillars,
          uniq_crazy_yiuf_cottage
D:8:      layout_loops_ring, biasface_ghost_orc_armoury
D:9:      layout_loops_ring, nicolae_gozag_seed_capital, uniq_erica,
          uniq_psyche, uniq_grum, uniq_maurice
Temple:   kilobyte_greek_temple

Skill      XL: |  1  2  3  4  5  6  7  8  9 10 |
---------------+-------------------------------+-----
Stealth        | 3 4 5 |  5.0
Conjurations   | 2 3 5 6 |  6.7
Fire Magic     | 4 5 6 7 8 |  8.1
Spellcasting   | 3 4 6 7 8 |  8.1
Fighting       | 1 2 |  2.3
Short Blades   | 1 |  1.8
Dodging        | 3 |  3.5
Hexes          | 3 |  3.5
Shields        | 1 |  1.3
Invocations    | 1 |  1.9
Evocations     | |  0.3

Action                   |  1- 3 |  4- 6 |  7- 9 | 10-12 || total
-------------------------+-------+-------+-------+-------++-------
Melee: Dagger            |    21 |    46 |    50 |       ||   117
       Constrict         |     4 |    11 |    13 |     6 ||    34
       Tentacles         |     4 |     9 |     7 |     6 ||    26
       Short sword       |       |       |       |    31 ||    31
 Cast: Foxfire           |    53 |   102 |   253 |    24 ||   432
       Inner Flame       |       |       |    19 |     8 ||    27
       Flame Wave        |       |       |     6 |     5 ||    11
       Conjure Flame     |       |       |     3 |     6 ||     9
       Scorch            |       |       |     1 |    11 ||    12
Evoke: Wand              |       |       |     1 |     1 ||     2
  Use: Scroll            |       |     1 |       |     1 ||     2
       Potion            |       |     5 |     1 |     3 ||     9
 Stab: Sleeping          |     2 |     2 |     4 |       ||     8
Armor: Skin              |     4 |     1 |    10 |     5 ||    20
Dodge: Dodged            |    27 |    29 |    74 |    26 ||   156
Block: Other             |       |       |    22 |    10 ||    32

Table legend: (Time is in decaauts)
 A = Elapsed time spent in this place.
 B = Non-inter-level travel time spent in this place.
 C = Inter-level travel time spent in this place.
 D = Time resting spent in this place.
 E = Time spent auto-exploring this place.
 F = Levels seen in this place.
 G = Mean time per level.
                   A        B        C        D        E       F      G
               +--------+--------+--------+--------+--------+-----+--------+
         Total |  11818 |  11273 |    545 |    651 |   8099 |  10 | 1181.8 |
       Dungeon |  11667 |  11159 |    508 |    651 |   7994 |   9 | 1296.3 |
        Temple |    151 |    115 |     36 |      0 |    105 |   1 |  151.0 |
               +--------+--------+--------+--------+--------+-----+--------+

Top non-repeatable levels by time:
     D:7: 2535 daAuts
     D:6: 1549 daAuts
     D:3: 1543 daAuts
     D:5: 1513 daAuts
     D:8: 1122 daAuts
     D:1: 1060 daAuts
     D:4: 1047 daAuts
     D:2: 1027 daAuts
     D:9: 268 daAuts
  Temple: 151 daAuts
